 Dungeon Crawl Stone Soup version 0.24.0-125-gc4c63601f3 (webtiles) character file.

Game seed: 1340870457159307473, levelgen mode: deterministic

21 MisterOstroum the Chopper (level 2, -15/29 HPs)
             Began as a Gnoll Chaos Knight on Mar 13, 2020.
             Was a Plaything of Xom.
             Demolished by a small abomination (18 damage)
             ... summoned by the capriciousness of Xom
             ... on level 1 of the Dungeon.
             The game lasted 00:00:38 (333 turns).

MisterOstroum the Chopper (Gnoll Chaos Knight)       Turns: 333, Time: 00:00:40

Health: -15/29     AC:  5    Str: 14    XL:     2   Next: 83%
Magic:  2/2        EV: 12    Int: 14    God:    Xom [*.....]
Gold:   16         SH:  0    Dex: 14    Spells: 2/2 levels left

rFire    . . .     SeeInvis .   a - +0 hand axe (chaos)
rCold    . . .     Gourm    .   (no shield)
rNeg     . . .     Faith    .   b - +2 leather armour
rPois    .         Spirit   .   (no helmet)
rElec    .         Reflect  .   (no cloak)
rCorr    .         Harm     .   (no gloves)
MR       .....     Rnd*Tele +   (no boots)
Stlth    +.........             (no amulet)
HPRegen  0.09/turn              i - ring of teleportation (curse)
MPRegen  0.08/turn              (no ring)

@: no status effects
A: distributed training, fangs 1, strong nose
a: Renounce Religion


You were on level 1 of the Dungeon.
You worshipped Xom.
You were a special plaything of Xom.
You were not hungry.

You visited 1 branch of the dungeon, and saw 1 of its levels.

You collected 16 gold pieces.

Inventory:

Hand Weapons
 a - a +0 hand axe of chaos (weapon)
Missiles
 c - 8 stones (quivered)
 g - 15 sling bullets
 n - 17 bolts
Armour
 b - a +2 leather armour (worn)
Jewellery
 i - a cursed ring of teleportation (left hand)
Scrolls
 j - 2 scrolls of identify {unknown}
Potions
 f - a potion of brilliance {unknown}
 h - a potion of ambrosia {unknown}
 k - 2 potions of mutation {unknown}
 l - a potion of might {unknown}
 m - a potion of magic {unknown}
Comestibles
 d - 6 chunks of flesh
 e - a ration


   Skills:
 + Level 6.5 Fighting
 + Level 0.5 Short Blades
 + Level 0.5 Long Blades
 + Level 6.5 Axes
 + Level 0.5 Maces & Flails
 + Level 0.5 Polearms
 + Level 0.5 Staves
 + Level 0.5 Slings
 + Level 0.5 Bows
 + Level 0.5 Crossbows
 + Level 0.5 Throwing
 + Level 4.5 Armour
 + Level 2.5 Dodging
 + Level 0.5 Stealth
 + Level 0.5 Shields
 + Level 0.5 Unarmed Combat
 + Level 0.5 Spellcasting
 + Level 0.3 Conjurations
 + Level 0.3 Hexes
 + Level 0.3 Charms
 + Level 0.3 Summonings
 + Level 0.3 Necromancy
 + Level 0.3 Translocations
 + Level 0.3 Transmutations
 + Level 0.3 Fire Magic
 + Level 0.3 Ice Magic
 + Level 0.3 Air Magic
 + Level 0.3 Earth Magic
 + Level 0.3 Poison Magic
 + Level 0.6 Invocations
 + Level 0.5 Evocations


You had 2 spell levels left.
You didn't know any spells.
Your spell library was empty.

Dungeon Overview and Level Annotations

Branches:
Dungeon (1/15)

Altars:


Innate Abilities, Weirdness & Mutations

Your experience applies equally to all skills.
You have very sharp teeth.
Your uncanny sense of smell can sniff out nearby items.


Message History

You hit the leopard gecko. You burn the leopard gecko.
The leopard gecko is severely wounded.
You hit the rat.
You kill the rat!
The leopard gecko misses you. The leopard gecko closely misses you.
You closely miss the leopard gecko.
The leopard gecko is severely wounded.
The rat twitches its whiskers.
The leopard gecko bites you but does no damage.
You closely miss the leopard gecko.
The leopard gecko is severely wounded.
You hit the dart slug.
The dart slug seems to speed up.
The leopard gecko bites you but does no damage.
The dart slug bites you.
You closely miss the leopard gecko.
The leopard gecko is severely wounded.
You hit the dart slug. You freeze the dart slug.
The leopard gecko closely misses you. The dart slug misses you.
You hit the dart slug.
You kill the dart slug!
You closely miss the leopard gecko. You hit the kobold.
The kobold seems to slow down.
The kobold is no longer moving slowly.
The leopard gecko closely misses you.
The kobold hits you with a cursed -2 short sword.
You hit the leopard gecko.
Lightning courses through the leopard gecko!!
You kill the leopard gecko!
You hit the kobold. You burn the kobold.
You kill the kobold!
You hit the rat. You bite the rat, but do no damage.
The rat is severely wounded.
The rat bites you but does no damage.
You hit the rat.
You feel better.
You kill the rat!
No target in view!
No target in view!
You butcher the rat corpse.
d - 6 chunks of flesh (gained 1)
You see here a rat skeleton. x2
Things that are here:
a cursed -2 short sword; a kobold corpse
l - a bubbling sapphire potion A bat and a hobgoblin come into view.
Found 3 curare-tipped darts.
Found 17 bolts.
You slash the bat!
You kill the bat!
You see here a bat corpse.
The hobgoblin misses you.
You see here a murky ruby potion.
You hit the hobgoblin. You freeze the hobgoblin.
You bite the hobgoblin, but do no damage.
The hobgoblin is severely wounded.
The hobgoblin hits you but does no damage.
You hit the hobgoblin. You burn the hobgoblin.
You kill the hobgoblin!
Some of the chunks of flesh in your inventory have rotted away.
No target in view!
No target in view!
m - a murky ruby potion No target in view!
You butcher the bat corpse.
d - 6 chunks of flesh (gained 1)
You see here a bat skeleton. x2
n - 17 bolts You open the door.
There is an open door here.
You now have 16 gold pieces (gained 7). "See what I see, my child!"
You feel aware of your surroundings.
You are now a very special plaything of Xom.
Press: ? - help, . - travel, g - get item You can't see that place. [Stash: 3 curare-tipped darts] [the floor.] Xom notices you.
A chorus of moans calls out to you!
You are now a special plaything of Xom.
The small abomination barely misses you.
The small abomination barely misses you.
The small abomination barely misses you.
There is an open door here.
There's a creature in the doorway!
The small abomination barely misses you.
The small abomination hits you!
Ouch! That really hurt!
The small abomination misses you.
You see here a bat skeleton.
The small abomination barely misses you.
Press: ? - help, v - describe, . - travel
Here: a small abomination (summoned)
The floor.
The small abomination completely misses you.
The small abomination closely misses you.
The small abomination hits you!
* * * LOW HITPOINT WARNING * * *
The small abomination hits you!!
Ouch! That really hurt!
You die...
Xom is highly amused!

∆ ##### #.........
....#####.........
#####+####....##.........
#.....##.)....##...........
#........÷........###+###.
#.................#......
#.................#.#...
#........##.......#.#..
#.#.......xx@.....÷.#.# #+#
#.#...###.######....#.###.###
#......x#+#### #....)........
#...#..÷.....# #....)#.##.##.
#...+........# #...#.#....#
#####....)...#######.#....# .
#........'.#####.#....##.
#.......(#.....#.#.......
###+##########.#.###.....


You could see 2 small abominations.

Vanquished Creatures
  A dart slug (D:1)
  A leopard gecko (D:1)
  A bat (D:1)
  4 hobgoblins (D:1)
  4 kobolds (D:1)
  2 frilled lizards (D:1)
  4 rats (D:1)
17 creatures vanquished.

Notes
Turn   | Place    | Note
-------+----------+-------------------------------------------
     0 | D:1      | MisterOstroum the Gnoll Chaos Knight began the quest for
                  | the Orb.
     0 | D:1      | Reached XP level 1. HP: 23/23 MP: 1/1
   218 | D:1      | Reached XP level 2. HP: 27/29 MP: 2/2
   310 | D:1      | XOM: divination: magic mapping
   312 | D:1      | XOM: medium Summ miscast
   313 | D:1      | Noticed a small abomination
   313 | D:1      | Noticed a small abomination
   313 | D:1      | Noticed a small abomination
   333 | D:1      | Demolished by a small abomination

Levels and vault maps discovered:
D:1:      minmay_arrival_loop, layout_basic

Action                   || total
-------------------------++-------
Melee: Hand axe          ||    38
       Bite              ||     4
 Stab: Sleeping          ||     1
Armor: Leather armour    ||     9
Dodge: Dodged            ||    30
